AoeStats
← asaidyol

Arabia

503178249Analyzed
1v1 RM · 11d ago on Aug 30, 2026· 42m 16s· 2 players
Game mode
Random Map
Map size
Tiny (2 player)
Population
200
Speed
Normal
Resources
Standard
Victory
Conquest
Starting age
Dark Age
Ending age
Imperial Age
RankedLock teamsTeams togetherTeam positionsShared explorationLock speedFull tech treeHidden civsTurbo modeCheats
Victory
Defeat
🇨🇳 Franks · China
727
+16
🇹🇷 Khmer · Türkiye
721
-16
asaidyol
10:35 Feudal Age
10:41 Loom
12:23 Double-Bit Axe
13:02 Horse Collar
16:39 Castle Age
16:44 Stone Mining
16:47 Gold Mining
17:43 Wheelbarrow
18:43 Bow Saw
19:37 Husbandry
19:47 Bloodlines
21:03 Heavy Plow
25:57 Forging
25:52 Scale Barding Armor
26:56 Bloodlines
26:06 Light Cavalry
30:32 Iron Casting
29:58 Scale Mail Armor
30:45 Gold Shaft Mining
31:21 Hand Cart
33:02 Hand Cart
33:34 Devotion
36:43 Imperial Age
36:18 Chain Barding Armor
HomeBoom
6:20 Loom
11:24 Feudal Age
13:14 Double-Bit Axe
19:33 Castle Age
18:26 Scale Mail Armor
19:19 Forging
19:36 Pikeman
20:18 Squires
25:33 Iron Casting
25:15 Chain Mail Armor
25:40 Bow Saw
29:03 Wheelbarrow
29:55 Gold Mining
30:00 Stone Mining
30:37 Scale Barding Armor
32:29 Hand Cart
36:17 Imperial Age
37:19 Conscription
36:38 Cavalier
38:42 Block Printing
39:05 Theocracy
38:29 Paladin
41:06 Chivalry
Connection lost

Rejoining the realm…

Still unreachable

The connection could not be restored.

Session expired

The server has moved on; the page needs a fresh start.